 Dungeon Crawl Stone Soup version 0.27-a0-1228-gfd60fd639a (webtiles) character file.

Game seed: 4298791977230687181

897 bande the Chopper (level 8, -7/48 HPs)
             Began as a Gargoyle Fighter on June 8, 2021.
             Was an Initiate of Okawaru.
             Mangled by an ogre
             ... wielding a +0 giant club
              (23 damage)
             ... on level 4 of the Dungeon.
             The game lasted 00:08:32 (5032 turns).

bande the Chopper (Gargoyle Fighter)                Turns: 5032, Time: 00:08:33

Health: -7/48      AC: 18    Str: 22    XL:     8   Next: 7%
Magic:  8/8        EV:  6    Int:  8    God:    Okawaru [......]
Gold:   162        SH: 10    Dex: 10    Spells: 7/7 levels left

rFire    . . .     SeeInvis .   a - +0 war axe
rCold    . . .     Faith    .   c - +0 kite shield
rNeg     + . .     Spirit   .   i - +0 chain mail
rPois    ∞         Reflect  .   k - +0 helmet
rElec    +         Harm     .   d - +1 cloak
rCorr    .         Rampage  .   (no gloves)
Will     .....                  (no boots)
Stlth    ..........             (no amulet)
HPRegen  0.16/turn              g - +4 ring of slaying
MPRegen  0.11/turn              (no ring)

@: no status effects
A: sickness immunity, AC +5, negative energy resistance 1, electricity
resistance, torment resistance 1, petrification resistance
a: Renounce Religion


You were on level 4 of the Dungeon.
You worshipped Okawaru.
Okawaru was noncommittal.
You visited 2 branches of the dungeon, and saw 5 of its levels.
You also visited: Sewer.

You collected 162 gold pieces.

Inventory:

Hand Weapons
 a - a +0 war axe (weapon)
Missiles
 n - a curare-tipped dart (quivered)
Armour
 c - a +0 kite shield (worn)
 d - a +1 cloak (worn)
 i - a +0 chain mail (worn)
 k - a +0 helmet (worn)
Jewellery
 g - a +4 ring of slaying (left hand)
Wands
 b - a wand of flame (13)
Scrolls
 e - a scroll of identify
Potions
 f - a potion of resistance
 h - a potion of degeneration {unknown}
 j - 3 potions of flight {unknown}
 l - 5 potions of curing
 o - 2 potions of heal wounds {unknown}


   Skills:
 + Level 4.6 Fighting
 + Level 5.9 Axes
 + Level 4.9 Armour
 + Level 0.7 Dodging
 + Level 4.9 Shields
 * Level 2.0 Evocations


You had 7 spell levels left.
You didn't know any spells.
Your spell library contained the following spells:

 Spells                   Type           Power      Damage    Failure   Level
 Beastly Appendage        Tmut           0%         N/A       100%        1
 Magic Dart               Conj           0%         1d3       100%        1
 Sandblast                Erth           0%         2d4       100%        1
 Passwall                 Tmut/Erth      0%         N/A       100%        2
 Searing Ray              Conj           0%         3d3       100%        2
 Wereblood                Tmut           0%         N/A       100%        2
 Dazzling Flash           Conj/Hex       0%         N/A       100%        3
 Ignite Poison            Fire/Tmut/Pois 0%         N/A       100%        3
 Spider Form              Tmut/Pois      0%         N/A       100%        3
 Stone Arrow              Conj/Erth      0%         3d7       100%        3
 Fulminant Prism          Conj/Hex       0%         3d6       100%        4
 Ice Form                 Ice/Tmut       0%         N/A       100%        4
 Iskenderun's Mystic Bla  Conj/Tloc      0%         2d3       100%        4
 Petrify                  Tmut/Erth      0%         N/A       100%        4
 Fireball                 Conj/Fire      0%         3d3       100%        5
 Hydra Form               Tmut           0%         N/A       100%        5
 Lee's Rapid Deconstruct  Erth           0%         3d5*      100%        5
 Starburst                Conj/Fire      0%         8x6d3     100%        6
 Ignition                 Fire           0%         3d3       100%        8


Dungeon Overview and Level Annotations

Branches:
Dungeon (4/15)             Temple (1/1) D:4           Sewer (visited)

Altars:
Makhleb
Nemelex Xobeh
Okawaru
Qazlal
Ru
Vehumet
Yredelemnul
Zin

Shops:
D:1 *


Innate Abilities, Weirdness & Mutations

You are immune to sickness and miasma.
Your stone body is resilient. (AC +5)
You are immune to poison.
You resist negative energy. (rN+)
You are resistant to electric shocks. (rElec)
You are resistant to unholy torment.
You are immune to petrification.


Message History

Found a short sword.
Found an escape hatch in the floor.
An orc and an ogre come into view.
The ogre shouts!
The orc shouts!
There is an open door here.
You slash the orc!
You kill the orc!
A quokka comes into view.
Things that are here:
a +0 short sword; an orc corpse You hit the ogre.
The ogre is lightly wounded.
The ogre barely misses you.
You slash the ogre!
The ogre is severely wounded.
You block the ogre's attack.
The quokka twitches its whiskers.
The ogre hits you with a +0 giant club.
You barely miss the ogre.
The ogre is severely wounded.
You block the quokka's attack. The ogre hits you with a +0 giant club!
You barely miss the ogre.
The ogre is severely wounded.
You hit the quokka. You block the quokka's attack.
The ogre hits you but does no damage. The quokka barely misses you.
You barely miss the ogre.
The ogre is severely wounded.
You hit the quokka. The quokka bites you.
The ogre hits you with a +0 giant club! You block the quokka's attack.
You hit the ogre.
The ogre is severely wounded.
Your chain mail prevents you from hitting the quokka.
The ogre hits you with a +0 giant club. You block the quokka's attack.
Unknown command.
You barely miss the ogre.
The ogre is severely wounded.
You closely miss the quokka.
The quokka bites you but does no damage.
The ogre hits you with a +0 giant club!!
You die...

......'.....# .....>#.....# ....
......' ......#.....# ...#......#
......#.....####'##......#
##....#.....#....##.)....#
##....#.....#............#
......#.....#............#
......#.....#...r.>......#.
......#.....#...@O......... ...
......#.....#######'##.... ...
##....#..............##. # ...
##....#..............#(.# ...#
.#....#..............'..# #.##
.#....#..............#..## #.#.
.#....#..............#...## +#.#÷
.#...†#..............#....###...#
.#....###'##.........#........8..


You could see an ogre and a quokka.

Vanquished Creatures
  Sigmund (D:3)
  A yak (D:4)
  Menkaure (D:4)
  A kobold brigand (Sewer)
  A howler monkey (D:4)
  2 hounds
  Crazy Yiuf (D:3)
  A jelly (D:4)
  Ijyb (D:3)
  Jessica (D:3)
  An orc wizard (D:4)
  A hound skeleton (D:4)
  3 adders
  3 river rats (Sewer)
  An adder skeleton (D:4)
  A worm (D:3)
  5 orcs (D:4)
  9 bats
  11 endoplasms
  7 giant cockroaches
  9 goblins
  10 hobgoblins
  11 jackals
  9 kobolds
  4 quokkas
  13 ball pythons
  4 frilled lizards
  6 rats
119 creatures vanquished.

Notes
Turn   | Place    | Note
-------+----------+-------------------------------------------
     0 | D:1      | bande the Gargoyle Fighter began the quest for the Orb.
     0 | D:1      | Reached XP level 1. HP: 14/14 MP: 1/1
   329 | D:1      | Reached XP level 2. HP: 15/19 MP: 2/2
   403 | D:1      | Reached skill level 2 in Axes
   468 | D:1      | Found Plog's General Store.
   493 | D:1      | Found a faded altar of an unknown god.
   783 | D:1      | Reached XP level 3. HP: 23/23 MP: 3/3
  2311 | D:2      | Reached XP level 4. HP: 28/28 MP: 4/4
  2800 | D:3      | Found a runed translucent door.
  2801 | D:3      | Noticed Crazy Yiuf
  2992 | D:3      | Noticed Ijyb
  2997 | D:3      | Killed Ijyb
  2998 | D:3      | Reached skill level 3 in Axes
  2998 | D:3      | Reached XP level 5. HP: 32/33 MP: 5/5
  3166 | D:3      | Noticed Jessica
  3171 | D:3      | Killed Jessica
  3375 | D:3      | Noticed Sigmund
  3381 | D:3      | Killed Sigmund
  3382 | D:3      | Reached skill level 4 in Axes
  3382 | D:3      | Reached XP level 6. HP: 34/38 MP: 6/6
  3570 | D:3      | Killed Crazy Yiuf
  3916 | D:4      | Found a staircase to the Ecumenical Temple.
  3999 | D:4      | Noticed a yak
  4011 | D:4      | Killed a yak
  4012 | D:4      | Reached skill level 5 in Axes
  4012 | D:4      | Reached skill level 1 in Evocations
  4012 | D:4      | Reached XP level 7. HP: 15/44 MP: 7/7
  4286 | D:4      | Found a glowing drain.
  4302 | Sewer    | Entered a sewer
  4410 | Sewer    | Found a white marble altar of Elyvilon.
  4543 | Temple   | Entered the Ecumenical Temple
  4613 | Temple   | Became a worshipper of Warmaster Okawaru
  4668 | D:4      | Noticed Menkaure
  4676 | D:4      | Killed Menkaure
  4677 | D:4      | Reached XP level 8. HP: 30/48 MP: 8/8
  5032 | D:4      | Mangled by an ogre

Illustrated notes

Levels and vault maps discovered:
D:1:      dpeg_arrival_refuge, layout_basic, ebering_ecumenical_altar_rust,
          serial_shops, nicolae_shop_crystal, st_stairs_9
D:2:      layout_basic
D:3:      layout_basic, interstate_on_off, uniq_sigmund, uniq_jessica,
          uniq_ijyb, uniq_crazy_yiuf_cottage
D:4:      cheibrodos_barr_body, layout_gridville,
          minmay_temple_entry_sparse_star, portal_sewer_entry_f,
          kennysheep_decorative_pillar, kennysheep_generic_room_10,
          uniq_menkaure
Temple:   jpeg_temple_clearing

Skill      XL: |  1  2  3  4  5  6  7 |
---------------+----------------------+-----
Axes           | 2 3 4 5 |  5.9
Armour         | 4 |  4.9
Shields        | 4 |  4.9
Fighting       | 4 |  4.6
Evocations     | 1 2 |  2.0
Dodging        | |  0.7

Action                   |  1- 3 |  4- 6 |  7- 9 || total
-------------------------+-------+-------+-------++-------
Melee: War axe           |   132 |   121 |    83 ||   336
  Use: Scroll            |     5 |       |     2 ||     7
       Potion            |       |     6 |       ||     6
Armor: Scale mail        |    86 |       |       ||    86
       Chain mail        |    16 |    76 |    56 ||   148
Dodge: Dodged            |    57 |    25 |    26 ||   108
Block: Kite shield       |    95 |    67 |    54 ||   216

Table legend: (Time is in decaauts)
 A = Elapsed time spent in this place.
 B = Non-inter-level travel time spent in this place.
 C = Inter-level travel time spent in this place.
 D = Time resting spent in this place.
 E = Time spent auto-exploring this place.
 F = Levels seen in this place.
 G = Mean time per level.
                   A        B        C        D        E       F      G
               +--------+--------+--------+--------+--------+-----+--------+
         Total |   5223 |   4995 |    228 |    311 |   3474 |   6 |  870.5 |
       Dungeon |   4938 |   4748 |    190 |    311 |   3295 |   4 | 1234.5 |
        Temple |     97 |     59 |     38 |      0 |     52 |   1 |   97.0 |
         Sewer |    188 |    188 |      0 |      0 |    127 |   1 |  188.0 |
               +--------+--------+--------+--------+--------+-----+--------+

Top non-repeatable levels by time:
     D:1: 1770 daAuts
     D:3: 1153 daAuts
     D:4: 1063 daAuts
     D:2: 951 daAuts
   Sewer: 188 daAuts
  Temple: 97 daAuts
